EVO
VANDERBILT UNIVERSITY COMMODORES @ UCLA BRUINS
12/02/2049
 
TOP OF THE 1ST
Vanderbilt University Commodores batting - Pitching for UCLA Bruins : LHP Honor Munoz
Pitching: LHP Honor Munoz
Batting: RHB Min Tann 0-0: Ground out 5-3 (Groundball, 56, EV 88.8 MPH)
Batting: RHB Takashi Takeuchi 0-0: Ball
1-0: Ball
2-0: Called Strike
2-1: Fly out, F8 (Flyball, 8LM, EV 85.6 MPH)
Batting: RHB Edgar Fernandez 0-0: Ball
1-0: Ball
2-0: Fly out, F8 (Flyball, 8RXD, EV 111.3 MPH)
Top of the 1st over - 0 runs, 0 hits, 0 errors, 0 left on base; Vanderbilt University 0 - UCLA 0
BOTTOM OF THE 1ST
UCLA Bruins batting - Pitching for Vanderbilt University Commodores : RHP Milutin Mladjenovic
Pitching: RHP Milutin Mladjenovic
Batting: LHB Mark Cummings 0-0: Reached on error, E1 (Groundball, P, EV 0.0 MPH)
Batting: RHB Melvin Yanes 0-0: Ball
1-0: Fly out, F9 (Flyball, 9S, EV 85.0 MPH)
Batting: RHB Issac Konol 0-0: Called Strike
0-1: Ball
1-1: Called Strike
1-2: Ground out 6-3 (Groundball, 56D, EV 81.9 MPH)
Mark Cummings to third
Batting: RHB Ethan Krause 0-0: Ground out 6-3 (Groundball, 6D, EV 85.0 MPH)
Bottom of the 1st over - 0 runs, 0 hits, 1 error, 1 left on base; Vanderbilt University 0 - UCLA 0
TOP OF THE 2ND
Vanderbilt University Commodores batting - Pitching for UCLA Bruins : LHP Honor Munoz
Batting: RHB Jose Ramos 0-0: Foul Ball, location: 2F
0-1: Swinging Strike
0-2: Ball
1-2: Ground out 6-3 (Groundball, 6, EV 105.6 MPH)
Batting: RHB Brian Pflughoeft 0-0: Called Strike
0-1: Foul Ball, location: 9LSF
0-2: Ball
1-2: Ball
2-2: Ground out 5-3 (Groundball, 56, EV 99.4 MPH)
Batting: RHB Paul Johnson 0-0: Ball
1-0: Ground out 3-1 (Groundball, 34, EV 86.3 MPH)
Top of the 2nd over - 0 runs, 0 hits, 0 errors, 0 left on base; Vanderbilt University 0 - UCLA 0
BOTTOM OF THE 2ND
UCLA Bruins batting - Pitching for Vanderbilt University Commodores : RHP Milutin Mladjenovic
Batting: RHB Andy Knerr 0-0: Ball
1-0: Ball
2-0: Called Strike
2-1: Ball
3-1: Foul Ball, location: 5F
3-2: Strikes out swinging
Batting: SHB Sean Munns 0-0: Ball
1-0: Ball
2-0: Called Strike
2-1: Fly out, F9 (Flyball, 89S, EV 78.1 MPH)
Batting: RHB Dave Spradley 0-0: Foul Ball, location: 5SF
0-1: Foul Ball, location: 2F
0-2: Ground out U3 (Groundball, 13, EV 75.0 MPH)
Bottom of the 2nd over - 0 runs, 0 hits, 0 errors, 0 left on base; Vanderbilt University 0 - UCLA 0
TOP OF THE 3RD
Vanderbilt University Commodores batting - Pitching for UCLA Bruins : LHP Honor Munoz
Batting: RHB En-lai Kong 0-0: Ball
1-0: Ball
2-0: Called Strike
2-1: Ball
3-1: Foul Ball, location: 2F
3-2: Strikes out looking
Batting: SHB Robbie Glover 0-0: Called Strike
0-1: Ground out 4-3 (Groundball, 4, EV 86.3 MPH)
Batting: RHB Ruben Reyna 0-0: Foul Ball, location: 2LF
0-1: Ball
1-1: Ball
2-1: Fly out, F9 (Flyball, 9, EV 92.5 MPH)
Top of the 3rd over - 0 runs, 0 hits, 0 errors, 0 left on base; Vanderbilt University 0 - UCLA 0
BOTTOM OF THE 3RD
UCLA Bruins batting - Pitching for Vanderbilt University Commodores : RHP Milutin Mladjenovic
Batting: RHB Michael Alvarado 0-0: Swinging Strike
0-1: Ball
1-1: SINGLE (Groundball, 4MD, EV 96.9 MPH)
Batting: RHB Pete Devaux 0-0: Sac Bunt to 13S - play at first, batter OUT! 1-3
Michael Alvarado to second
Batting: LHB Mark Cummings 0-0: Ground out 5-3 (Groundball, 56S, EV 88.8 MPH)
Batting: RHB Melvin Yanes 0-0: Called Strike
0-1: Foul Ball, location: 2F
0-2: Strikes out swinging
Bottom of the 3rd over - 0 runs, 1 hit, 0 errors, 1 left on base; Vanderbilt University 0 - UCLA 0
TOP OF THE 4TH
Vanderbilt University Commodores batting - Pitching for UCLA Bruins : LHP Honor Munoz
Batting: RHB Min Tann 0-0: Called Strike
0-1: Ground out 4-3 (Groundball, 34, EV 86.3 MPH)
Batting: RHB Takashi Takeuchi 0-0: Ball
1-0: Swinging Strike
1-1: Foul Ball, location: 7LMF
1-2: Ball
2-2: Strikes out swinging
Batting: RHB Edgar Fernandez 0-0: Ground out 6-3 (Groundball, 6M, EV 110.0 MPH)
Top of the 4th over - 0 runs, 0 hits, 0 errors, 0 left on base; Vanderbilt University 0 - UCLA 0
BOTTOM OF THE 4TH
UCLA Bruins batting - Pitching for Vanderbilt University Commodores : RHP Milutin Mladjenovic
Batting: RHB Issac Konol 0-0: Called Strike
0-1: Called Strike
0-2: Ground out 4-3 (Groundball, 4, EV 84.4 MPH)
Batting: RHB Ethan Krause 0-0: Reached on error, E8 (Line Drive, 8LD, EV 90.6 MPH)
Batting: RHB Andy Knerr 0-0: Called Strike
0-1: Foul Ball, location: 9LSF
0-2: Ground out 5-3 (Groundball, 56S, EV 69.4 MPH)
Batting: SHB Sean Munns 0-0: Ball
1-0: Ball
2-0: Swinging Strike
2-1: SINGLE (Line Drive, 6MD, EV 98.8 MPH)
Ethan Krause to third
Runner from 3rd tries for Home, SAFE, throw by CF to home
Batting: RHB Dave Spradley 0-0: Called Strike
0-1: Swinging Strike
0-2: Ball
1-2: Ball
2-2: 2-RUN HOME RUN (Flyball, 8RXD, EV 111.9 MPH), Distance : 440 ft
Batting: RHB Michael Alvarado 0-0: Called Strike
0-1: Called Strike
0-2: SINGLE (Line Drive, 7S, EV 90.6 MPH)
Batting: RHB Pete Devaux 0-0: Fly out, F4 (Line Drive, 4, EV 62.5 MPH)
Bottom of the 4th over - 3 runs, 3 hits, 1 error, 1 left on base; Vanderbilt University 0 - UCLA 3
TOP OF THE 5TH
Vanderbilt University Commodores batting - Pitching for UCLA Bruins : LHP Honor Munoz
Batting: RHB Jose Ramos 0-0: Swinging Strike
0-1: Ball
1-1: Ball
2-1: Foul Ball, location: 2F
2-2: Fly out, F9 (Flyball, 9D, EV 106.9 MPH)
Batting: RHB Brian Pflughoeft 0-0: Ball
1-0: Fly out, F9 (Flyball, 89M, EV 86.9 MPH)
Batting: RHB Paul Johnson 0-0: Foul Ball, location: 9LDF
0-1: Foul Ball, location: 23F
0-2: SINGLE (Line Drive, 78S, EV 104.4 MPH)
Batting: RHB En-lai Kong 0-0: Reached on error, E4 (Groundball, 4, EV 97.5 MPH)
Paul Johnson to second
Batting: SHB Robbie Glover 0-0: Called Strike
0-1: Foul Ball, location: 23F
0-2: Ball
1-2: Foul Ball, location: 2F
1-2: Strikes out swinging
Top of the 5th over - 0 runs, 1 hit, 1 error, 2 left on base; Vanderbilt University 0 - UCLA 3
BOTTOM OF THE 5TH
UCLA Bruins batting - Pitching for Vanderbilt University Commodores : RHP Milutin Mladjenovic
Batting: LHB Mark Cummings 0-0: Swinging Strike
0-1: Foul Ball, location: 9LDF
0-2: Strikes out swinging
Batting: RHB Melvin Yanes 0-0: Ball
1-0: Called Strike
1-1: Ball
2-1: Foul Ball, location: 2F
2-2: Ball
3-2: SINGLE (Groundball, 5, EV 101.3 MPH) (infield hit)
Batting: RHB Issac Konol 0-0: Called Strike
0-1: Foul Ball, location: 23F
0-2: Ball
1-2: Grounds into double play, 6-4-3 (Groundball, 6, EV 103.8 MPH)
Bottom of the 5th over - 0 runs, 1 hit, 0 errors, 0 left on base; Vanderbilt University 0 - UCLA 3
TOP OF THE 6TH
Vanderbilt University Commodores batting - Pitching for UCLA Bruins : LHP Honor Munoz
Batting: RHB Ruben Reyna 0-0: Ball
1-0: Fly out, F8 (Flyball, 78M, EV 89.4 MPH)
Batting: RHB Min Tann 0-0: Called Strike
0-1: Foul Ball, location: 9LMF
0-2: Ball
1-2: Strikes out looking
Batting: RHB Takashi Takeuchi 0-0: Ball
1-0: Called Strike
1-1: Ball
2-1: Foul Ball, location: 9LDF
2-2: Ball
3-2: Base on Balls
Batting: RHB Edgar Fernandez 0-0: Ball
1-0: Swinging Strike
1-1: Fly out, F8 (Flyball, 89M, EV 80.6 MPH)
Top of the 6th over - 0 runs, 0 hits, 0 errors, 1 left on base; Vanderbilt University 0 - UCLA 3
BOTTOM OF THE 6TH
UCLA Bruins batting - Pitching for Vanderbilt University Commodores : RHP Milutin Mladjenovic
Batting: RHB Ethan Krause 0-0: Ball
1-0: Swinging Strike
1-1: Ball
2-1: Ball
3-1: SINGLE (Groundball, 4MD, EV 101.9 MPH)
Batting: RHB Andy Knerr 0-0: Called Strike
0-1: Fly out, F7 (Flyball, 7, EV 76.9 MPH)
Batting: SHB Sean Munns 0-0: Foul Ball, location: 7LDF
0-1: Fielders Choice at 2nd, 3-6 (Groundball, 3, EV 108.8 MPH)
Batting: RHB Dave Spradley 0-0: Foul Ball, location: 5FF
0-1: Ball
1-1: Ball
2-1: Foul Ball, location: 2F
2-2: Foul Ball, location: 2F
2-2: Foul Ball, location: 25F
2-2: Ball
3-2: Fly out, F3 (Popup, 23F, EV 84.4 MPH)
Bottom of the 6th over - 0 runs, 1 hit, 0 errors, 1 left on base; Vanderbilt University 0 - UCLA 3
TOP OF THE 7TH
Vanderbilt University Commodores batting - Pitching for UCLA Bruins : LHP Honor Munoz
Batting: RHB Jose Ramos 0-0: Ball
1-0: Called Strike
1-1: Swinging Strike
1-2: Foul Ball, location: 9LDF
1-2: Strikes out swinging
Batting: RHB Brian Pflughoeft 0-0: Called Strike
0-1: Ground out 4-3 (Groundball, 4, EV 82.5 MPH)
Batting: RHB Paul Johnson 0-0: Ball
1-0: Called Strike
1-1: Called Strike
1-2: SINGLE (Groundball, 34D, EV 96.9 MPH)
Batting: RHB En-lai Kong 0-0: Fielders Choice at 2nd, 6-4 (Groundball, 6, EV 101.3 MPH)
Top of the 7th over - 0 runs, 1 hit, 0 errors, 1 left on base; Vanderbilt University 0 - UCLA 3
BOTTOM OF THE 7TH
UCLA Bruins batting - Pitching for Vanderbilt University Commodores : RHP Milutin Mladjenovic
Batting: RHB Michael Alvarado 0-0: Called Strike
0-1: Ball
1-1: Called Strike
1-2: Ball
2-2: Foul Ball, location: 5F
2-2: SINGLE (Groundball, 34, EV 103.1 MPH)
Pitching: RHP Elijah Ogletree
Batting: RHB Pete Devaux 0-0: Ball
1-0: Bunted foul
1-1: Sac Bunt to 13S - play at second, runner OUT! 1-6
Batting: LHB Mark Cummings 0-0: Swinging Strike
0-1: Ball
1-1: Called Strike
1-2: Strikes out swinging
Batting: RHB Melvin Yanes 0-0: Called Strike
0-1: Ball
1-1: Ball
2-1: Ball
3-1: Base on Balls
Pete Devaux to second
Batting: RHB Issac Konol 0-0: Foul Ball, location: 7LMF
0-1: Fielders Choice at 2nd, 6-4 (Groundball, 6, EV 79.4 MPH)
Bottom of the 7th over - 0 runs, 1 hit, 0 errors, 2 left on base; Vanderbilt University 0 - UCLA 3
TOP OF THE 8TH
Vanderbilt University Commodores batting - Pitching for UCLA Bruins : LHP Honor Munoz
Batting: SHB Robbie Glover 0-0: Ball
1-0: Foul Ball, location: 9LMF
1-1: Foul Ball, location: 2F
1-2: Fly out, F8 (Flyball, 8LM, EV 87.5 MPH)
Pitching: LHP Joe Landgraff
Batting: RHB Ruben Reyna 0-0: Ball
1-0: Ball
2-0: Swinging Strike
2-1: Swinging Strike
2-2: Foul Ball, location: 2F
2-2: Ball
3-2: Foul Ball, location: 9LSF
3-2: Base on Balls
Batting: RHB Min Tann 0-0: Ball
1-0: Ball
2-0: Ball
3-0: Called Strike
3-1: Fielders Choice at 2nd, 6-4 (Groundball, 6, EV 88.1 MPH)
Batting: RHB Takashi Takeuchi 0-0: Called Strike
0-1: Ball
1-1: Ground out 4-3 (Groundball, 13, EV 88.1 MPH)
Top of the 8th over - 0 runs, 0 hits, 0 errors, 1 left on base; Vanderbilt University 0 - UCLA 3
BOTTOM OF THE 8TH
UCLA Bruins batting - Pitching for Vanderbilt University Commodores : RHP Elijah Ogletree
Pitching: RHP Gabriel Marsh
Batting: LHB Young-lau Seow 0-0: Fly out, F8 (Line Drive, 8RM, EV 85.0 MPH)
Batting: RHB Andy Knerr 0-0: Ball
1-0: Called Strike
1-1: Ball
2-1: Swinging Strike
2-2: Strikes out swinging
Batting: SHB Sean Munns 0-0: Ball
1-0: Called Strike
1-1: Called Strike
1-2: Ball
2-2: Ball
3-2: Foul Ball, location: 7LSF
3-2: Ground out U3 (Groundball, 34S, EV 86.9 MPH)
Bottom of the 8th over - 0 runs, 0 hits, 0 errors, 0 left on base; Vanderbilt University 0 - UCLA 3
TOP OF THE 9TH
Vanderbilt University Commodores batting - Pitching for UCLA Bruins : LHP Joe Landgraff
Pitching: RHP Kyle Mann
Batting: RHB Edgar Fernandez 0-0: Ball
1-0: Ball
2-0: Called Strike
2-1: Swinging Strike
2-2: Ball
3-2: Fly out, F9 (Flyball, 9LM, EV 96.3 MPH)
Batting: RHB Jose Ramos 0-0: Foul Ball, location: 2F
0-1: Called Strike
0-2: Strikes out swinging
Batting: RHB Brian Pflughoeft 0-0: Called Strike
0-1: Foul Ball, location: 2F
0-2: Strikes out looking
Top of the 9th over - 0 runs, 0 hits, 0 errors, 0 left on base; Vanderbilt University 0 - UCLA 3
Sunday, July 16th , 2023 - OOTP Baseball 24.6 Build 69